AoeStats
← Sid

MegaRandom

508622021Analyzed
2v2 RM · 8d ago on Sep 23, 2026· 29m 23s· 4 players
Game mode
Random Map
Map size
Medium (4 player)
Population
200
Speed
Normal
Resources
Standard
Victory
Conquest
Starting age
Dark Age
Ending age
Imperial Age
RankedLock teamsTeams togetherTeam positionsShared explorationLock speedFull tech treeHidden civsTurbo modeCheats
Victory
Defeat
🇯🇵 Vikings · Japan
1291
+13
🇯🇵 Varangians · Japan
1220
+15
🇺🇸 Saracens · United States
1216
-14
🇨🇳 Goths · China
1206
-14
fumin.jp
5:20 Loom
9:58 Feudal Age
10:06 Man-at-Arms
11:08 Double-Bit Axe
15:29 Fletching
24:07 Castle Age
22:09 Horse Collar
22:20 Gold Mining
22:37 Padded Archer Armor
24:10 Crossbowman
24:47 Bodkin Arrow
25:08 Leather Archer Armor
26:03 Gold Shaft Mining
25:46 Bow Saw
Sid
6:05 Loom
9:38 Feudal Age
10:35 Double-Bit Axe
15:13 Horse Collar
16:59 Bloodlines
18:10 Wheelbarrow
22:36 Scale Barding Armor
22:45 Forging
28:13 Castle Age
26:16 Gold Mining
26:55 Fletching
27:07 Scale Mail Armor
28:21 Light Cavalry
29:23 Chain Barding Armor
29:52 Husbandry
sbr
0:28 Loom
10:20 Feudal Age
23:58 Fletching
25:21 Double-Bit Axe
26:00 Gold Mining
26:26 Padded Archer Armor
28:28 Wheelbarrow
rower56
1:46 Loom
17:15 Feudal Age
21:50 Scale Barding Armor
21:55 Forging
23:13 Fletching
23:49 Bloodlines
23:34 Horse Collar
23:41 Double-Bit Axe
Connection lost

Rejoining the realm…

Still unreachable

The connection could not be restored.

Session expired

The server has moved on; the page needs a fresh start.